 Dungeon Crawl Stone Soup version 0.29-a0-919-gd064cfad1c (webtiles) character file.

Game seed: 13461051657792497640

101 concernfroge the Trooper (level 4, 0/39 HPs)
             Began as a Mummy Monk on July 27, 2022.
             Was a Follower of Trog.
             Slain by a hound (2 damage)
             ... on level 5 of the Dungeon.
             The game lasted 00:09:06 (2710 turns).

concernfroge the Trooper (Mummy Monk)               Turns: 2710, Time: 00:09:06

Health: 0/39       AC: 10    Str: 16    XL:     4   Next: 48%
Magic:  4/4        EV:  5    Int: 15    God:    Trog [*.....]
Gold:   156        SH:  0    Dex: 14    Spells: 3/3 levels left

rFire   x . .      SeeInvis .   d - +1 trident
rCold   + . .      Faith    .   (no shield)
rNeg    + + +      Spirit   .   h - +0 plate armour
rPois   ∞          Reflect  .   (no helmet)
rElec   .          Harm     .   (no cloak)
rCorr   .          Rampage  .   (no gloves)
Will    ++...                   (no boots)
Stlth   ..........              (no amulet)
HPRegen 1.13/turn               c - +6 ring of intelligence
MPRegen 0.09/turn               (no ring)

@: strong-willed, regenerating
A: cold resistance 1, negative energy resistance 3, torment resistance 2, heat
vulnerability 1, in touch with death 1, no potions
a: Renounce Religion


You were on level 5 of the Dungeon.
You worshipped Trog.
Trog was aware of your devotion.
You visited 1 branch of the dungeon, and saw 5 of its levels.

You collected 156 gold pieces.

Inventory:

Hand Weapons
 d - a +1 trident (weapon)
Armour
 h - a +0 plate armour (worn)
Jewellery
 c - a +6 ring of intelligence (left hand)
Scrolls
 b - 2 scrolls of noise
 g - a scroll of vulnerability


   Skills:
 + Level 5.3 Fighting
 - Level 2.4 Polearms
 - Level 2.4 Dodging
 - Level 1.5 Stealth


You had 3 spell levels left.
You didn't know any spells.
Your spell library contained the following spells:

 Spells                   Type           Power      Damage    Failure   Level
 Magic Dart               Conj           0%         1d3       100%        1
 Slow                     Hex            0%         N/A       100%        1
 Sting                    Tmut/Pois      0%         1d3       100%        1
 Poisonous Vapours        Pois/Air       0%         N/A       100%        2
 Searing Ray              Conj           0%         2d4       100%        2
 Fulminant Prism          Conj/Hex       0%         3d6       100%        4
 Olgreb's Toxic Radiance  Pois           0%         N/A       100%        4


Dungeon Overview and Level Annotations

Branches:
Dungeon (5/15)
 Temple: D:4-7

Altars:
Fedhas
Nemelex Xobeh
Trog
Yredelemnul

Shops:
D:1 !   D:5 =

Annotations:
D:2 1 runed translucent door, Crazy Yiuf, Terence


Innate Abilities, Weirdness & Mutations

You are immune to poison.
Your flesh is cold resistant. (rC+)
You are immune to negative energy. (rN+++)
You are immune to unholy pain and torment.
You are vulnerable to heat. (rF-)
You are in touch with the powers of death.
You do not drink.


Message History

* * * LOW HITPOINT WARNING * * *
The hound bites you but does no damage. x2
As you read the scroll of enchant weapon, it crumbles to dust.
Your +0 trident glows red for a moment.
The hound bites you but does no damage. x2
Your skin crawls.
You feel strong-willed.
You can no longer call upon Trog for regeneration and willpower.
The hound bites you but does no damage. The hound barely misses you.
The hound bites you.
* * * LOW HITPOINT WARNING * * *
The hound closely misses you.
You hit the hound.
The hound is heavily wounded.
The hound bites you.
* * * LOW HITPOINT WARNING * * *
The hound bites you.
* * * LOW HITPOINT WARNING * * *
The hound bites you but does no damage. x2
You closely miss the hound.
The hound is heavily wounded.
The hound bites you but does no damage. The hound bites you.
* * * LOW HITPOINT WARNING * * *
You barely miss the hound.
The hound is heavily wounded.
The hound bites you but does no damage. x3; The hound barely misses you.
You barely miss the hound.
The hound is heavily wounded.
The hound bites you but does no damage. x4
You barely miss the hound.
The hound is heavily wounded.
The hound bites you.
* * * LOW HITPOINT WARNING * * *
The hound bites you.
* * * LOW HITPOINT WARNING * * *
You barely miss the hound.
The hound is heavily wounded.
The hound bites you.
* * * LOW HITPOINT WARNING * * *
The hound bites you but does no damage. The hound bites you.
You die...

..###########
......h@hO..#
#.#######.###
#.# #.# #.#
#.# #.# #.#
#.#


You could see an ogre and 2 hounds.

Vanquished Creatures
  Natasha (D:4)
  2 adders (D:2)
  A dart slug (D:2)
  6 endoplasms
  4 giant cockroaches
  4 goblins
  5 hobgoblins
  4 jackals (D:1)
  6 kobolds
  A quokka (D:1)
  4 ball pythons
  2 bats (D:1)
  5 frilled lizards
  12 rats
57 creatures vanquished.

Vanquished Creatures (others)
  A hobgoblin (D:1)
1 creature vanquished.

Grand Total: 58 creatures vanquished

Notes
Turn   | Place    | Note
-------+----------+-------------------------------------------
     0 | D:1      | concernfroge the Mummy Monk began the quest for the Orb.
     0 | D:1      | Reached XP level 1. HP: 18/18 MP: 1/1
   222 | D:1      | Reached XP level 2. HP: 24/24 MP: 2/2
   256 | D:1      | Reached skill level 4 in Fighting
   739 | D:1      | Gained mutation: You are in touch with the powers of death.
                  | [Mummy growth]
   739 | D:1      | Reached XP level 3. HP: 30/30 MP: 3/3
   747 | D:1      | Found Qoppel's Distillery.
   838 | D:1      | Found a faded altar of an unknown god.
   843 | D:1      | Got Plato's Meditations on Ensorcelling
  1357 | D:2      | Noticed Terence
  1464 | D:2      | Found a runed translucent door.
  1465 | D:2      | Noticed Crazy Yiuf
  1756 | D:3      | Found a basalt altar of Yredelemnul.
  1864 | D:3      | Found a blossoming altar of Fedhas.
  1864 | D:3      | Found a sparkling altar of Nemelex Xobeh.
  2026 | D:3      | Reached XP level 4. HP: 33/38 MP: 4/4
  2398 | D:4      | Reached skill level 5 in Fighting
  2450 | D:4      | Noticed Natasha
  2465 | D:4      | Killed Natasha
  2531 | D:4      | Noticed an ogre
  2535 | D:5      | Entered Level 5 of the Dungeon
  2584 | D:5      | Noticed an ogre
  2659 | D:5      | Found a bloodstained altar of Trog.
  2665 | D:5      | Became a worshipper of Trog the Wrathful
  2665 | D:5      | Reached * piety under Trog
  2665 | D:5      | Reached ** piety under Trog
  2667 | D:5      | Found Neiroul's Jewellery Shop.
  2710 | D:5      | Slain by a hound

Illustrated notes

Levels and vault maps discovered:
D:1:      psy_arrival_statuary, layout_loops_ring,
          shapermc_ecumenical_altar_rom_forum, serial_shops,
          nicolae_shop_window_shopping, amcnicky_mini_rare_corridor_liquid,
          lemuel_flame_loot_1
D:2:      layout_loops_ring, uniq_crazy_yiuf_cottage, uniq_terence
D:3:      layout_loops_cross, chequers_temple_overflow_statue_of_worship,
          amcnicky_mini_pool_small
D:4:      layout_cave_pools, dreamdust_wishing_well,
          eino_small_chamber_without_monster, serial_bayou_lagoon_b, uniq_robin,
          uniq_natasha
D:5:      minmay_angry_zag, layout_basic, mainiacjoe_overflow_brackets,
          bloody_trog, minmay_temple_entry_mini_moons, serial_shops,
          nicolae_shop_statue_plus

Skill      XL: |  1  2  3  4 |
---------------+-------------+-----
Fighting       | 4 5 |  5.3
Polearms       | |  2.4
Dodging        | |  2.4
Stealth        | |  1.5

Action                   |  1- 3 |  4- 6 || total
-------------------------+-------+-------++-------
Melee: Spear             |   149 |    33 ||   182
       Trident           |       |    15 ||    15
Invok: Trog's Hand       |       |     1 ||     1
  Use: Scroll            |       |     5 ||     5
 Stab: Sleeping          |     9 |     1 ||    10
Armor: Robe              |     5 |       ||     5
       Leather armour    |    11 |     1 ||    12
       Plate armour      |       |    54 ||    54
Dodge: Dodged            |    58 |    27 ||    85

Table legend: (Time is in decaauts)
 A = Elapsed time spent in this place.
 B = Non-inter-level travel time spent in this place.
 C = Inter-level travel time spent in this place.
 D = Time resting spent in this place.
 E = Time spent auto-exploring this place.
 F = Levels seen in this place.
 G = Mean time per level.
                   A        B        C        D        E       F      G
               +--------+--------+--------+--------+--------+-----+--------+
         Total |   2706 |   2414 |    292 |      0 |   1839 |   5 |  541.2 |
       Dungeon |   2706 |   2414 |    292 |      0 |   1839 |   5 |  541.2 |
               +--------+--------+--------+--------+--------+-----+--------+

Top non-repeatable levels by time:
     D:1: 1086 daAuts
     D:3: 711 daAuts
     D:2: 567 daAuts
     D:5: 176 daAuts
     D:4: 164 daAuts
